 Dungeon Crawl Stone Soup version 0.21-a0-582-g1b93aee (webtiles) character file.

11249 Gaball the Spear-Bearer (level 11, -1/107 HPs)
             Began as a Centaur Chaos Knight on Dec 19, 2017.
             Slain by a freezing wraith (5 damage)
             ... led by a death knight
             ... on level 12 of the Dungeon.
             The game lasted 00:20:06 (9506 turns).

Gaball the Spear-Bearer (Centaur Chaos Knight)      Turns: 9506, Time: 00:20:08

Health: -1/107     AC: 13    Str: 21    XL:     11   Next: 46%
Magic:  12/12      EV: 13    Int: 13    God:    Xom [......]
Gold:   468        SH:  0    Dex: 15    Spells: 10/10 levels left

rFire    + + +     SeeInvis .   B - +7 glaive "Giantbane" {chop, rPois rF+ rN++ Dex+3}
rCold    + . .     Gourm    .   (shield currently unavailable)
rNeg     + + .     Faith    .   K - +2 animal skin
rPois    +         Spirit   .   (no helmet)
rElec    .         Reflect  .   M - +0 cloak
rCorr    .         Harm     .   r - +0 pair of gloves
MR       .....                  (no barding)
Stlth    +.........             q - amulet of rage
HPRegen  0.27/turn              J - ring of protection from cold
MPRegen  0.13/turn              z - +4 ring of evasion

@: slowed
A: large, fangs 1, hooves 3, icy blue scales 1, iridescent scales 1, rugged
brown scales 1, agile 1, blink, clever 1, deformed body, fire resistance 2,
speed 2, high mp 1, sense surroundings 1, robust 1, strong 2, tough skin 3
a: Blink, Renounce Religion, Evoke Berserk Rage


You were on level 12 of the Dungeon.
You worshipped Xom.
You were a very special plaything of Xom.
You were hungry.

You visited 1 branch of the dungeon, and saw 13 of its levels.

You collected 767 gold pieces.
You spent 299 gold pieces at shops.

Inventory:

Hand Weapons
 a - a +0 spear of chaos
 B - the +7 glaive "Giantbane" (weapon) {chop, rPois rF+ rN++ Dex+3}
   (You bought it in a shop on level 5 of the Dungeon)

   It inflicts extra damage upon your enemies.
   It affects your dexterity (+3).
   It protects you from fire.
   It protects you from poison.
   It greatly protects you from negative energy.
Missiles
 y - 8 curare-tipped needles
 V - 3 tomahawks of dispersal (quivered)
Armour
 b - a +2 leather armour
 f - a +0 ring mail
 g - a +0 plate armour
 r - a +0 pair of gloves (worn)
 K - a +2 animal skin (worn)
 M - a +0 cloak (worn)
Jewellery
 k - an uncursed ring of protection from fire
 q - an amulet of rage (around neck)
 z - a +4 ring of evasion (right hand)
 A - an uncursed ring of ice
 H - an uncursed ring of wizardry
 J - a ring of protection from cold (left hand)
Wands
 F - a wand of scattershot (3)
 L - a wand of clouds (6)
 N - a wand of acid (9)
 R - a wand of polymorph (17)
 T - a wand of iceblast (5)
Scrolls
 d - 4 scrolls of fog
 e - a scroll of identify
 j - 2 scrolls of enchant weapon {unknown}
 l - 3 scrolls of magic mapping {unknown}
 o - 2 scrolls of remove curse
 t - a scroll of fear {unknown}
 w - 4 scrolls of enchant armour {unknown}
 C - 2 scrolls of torment {unknown}
 E - a scroll of amnesia {unknown}
 G - 3 scrolls of teleportation {unknown}
 I - 2 scrolls of brand weapon {unknown}
 W - a scroll of summoning {unknown}
Potions
 h - 2 potions of heal wounds
 i - 2 potions of degeneration
 m - 2 potions of flight {unknown}
 n - 2 potions of might {unknown}
 s - 2 potions of curing {unknown}
 u - a potion of magic {unknown}
 v - a potion of agility {unknown}
 x - 3 potions of lignification {unknown}
 D - a potion of berserk rage {unknown}
 Q - a potion of mutation {unknown}
 S - 2 potions of brilliance {unknown}
Books
 p - a book of Unlife

   Spells                             Type                      Level
   a - Recall                         Summoning/Translocation      3
   b - Animate Dead                   Necromancy                   4
   c - Control Undead                 Necromancy                   4
   d - Cigotuvi's Embrace             Necromancy                   5
   e - Death Channel                  Necromancy                   6
   f - Simulacrum                     Ice/Necromancy               6
 O - a book of Frost

   Spells                             Type                      Level
   a - Freeze                         Ice                          1
   b - Throw Frost                    Conjuration/Ice              2
   c - Ozocubu's Armour               Charms/Ice                   3
   d - Throw Icicle                   Conjuration/Ice              4
   e - Summon Ice Beast               Ice/Summoning                4
 P - a book of Maledictions

   Spells                             Type                      Level
   a - Corona                         Hexes                        1
   b - Ensorcelled Hibernation        Hexes/Ice                    2
   c - Confuse                        Hexes                        3
   d - Tukima's Dance                 Hexes                        3
   e - Dazzling Spray                 Conjuration/Hexes            3
 X - a book of Callings

   Spells                             Type                      Level
   a - Summon Small Mammal            Summoning                    1
   b - Call Imp                       Summoning                    2
   c - Call Canine Familiar           Summoning                    3
   d - Summon Guardian Golem          Hexes/Summoning              3
   e - Summon Lightning Spire         Summoning/Air                4
   f - Summon Ice Beast               Ice/Summoning                4
Comestibles
 c - 21 rations


   Skills:
 + Level 8.6 Fighting
 + Level 14.6 Polearms
 - Level 1.3 Armour
 - Level 0.6 Dodging


You had 10 spell levels left.
You didn't know any spells.

Dungeon Overview and Level Annotations

Branches:
Dungeon (13/15)            Temple (0/1) D:4            Lair (0/6) D:10
 Vaults (0/5) D:13
    Orc: D:9-12

Altars:
Ashenzari
Cheibriados
Dithmenos
Elyvilon
Makhleb
Trog
Uskayaw
Wu Jian
Xom
Zin

Shops:
D:4 }   D:5 (   D:7 [   D:12 *

Annotations:
D:10 exclusion: oklob plant


Innate Abilities, Weirdness & Mutations

You have hooves in place of feet.
Armour fits poorly on your strangely shaped body.
You cover ground very quickly.
You have extremely tough skin. (AC +3)
You have very sharp teeth.
You are partially covered in icy blue scales. (AC +2)
You are partially covered in iridescent scales. (AC +2)
You are partially covered in rugged brown scales. (AC +1, +3% HP)
You are agile. (Dex +2)
You can translocate small distances at will.
Your mind is acute. (Int +2)
Your flesh is very heat resistant. (rF++)
You have an increased reservoir of magic. (+10% MP)
You passively map a small area around you.
You are robust. (+10% HP)
Your muscles are very strong. (Str +4)


Message History

The freezing wraith hits you but does no damage.
The freezing wraith closely misses you.
You bump into the rock wall.
You feel less confused. The freezing wraith hits you.
* * * LOW HITPOINT WARNING * * *
The freezing wraith freezes you. You resist.
* * * LOW HITPOINT WARNING * * *
The freezing wraith hits you!
* * * LOW HITPOINT WARNING * * *
The freezing wraith drains your vigour!
You feel yourself slow down.
You feel much better. The freezing wraith hits you!
* * * LOW HITPOINT WARNING * * *
The freezing wraith freezes you. You resist.
* * * LOW HITPOINT WARNING * * *
The freezing wraith hits you!
* * * LOW HITPOINT WARNING * * *
The freezing wraith hits you.
You die...
Xom guffaws!

* * ######.### #..#
#.## , #####.### *
#.......# ####
#.......# .....,
###)......#
...§§§##.........# <
...§§.W@.#.......#
,,...§§§####.......#
...§., #..#....# ,
.... ..§.....# ...,,
#.#.∩.#..# ..,,
#.......## #
##..#..##* * * , *


You could see a freezing wraith.

Vanquished Creatures
  A centaur warrior (D:13)
  Erica (D:10)
  A death knight (D:12)
  3 two-headed ogres
  The ghost of Gaball the Destroyer, a novice HuCj of Vehumet (D:8)
  A phantasmal warrior (D:12)
  Pikel (D:4)
  Maurice (D:8)
  A troll (D:9)
  2 wraiths
  4 hogs (D:7)
  A human (D:7)
  A hungry ghost (D:7)
  A naga (shapeshifter) (D:6)
  An orc warrior (D:5)
  2 slaves (D:4)
  An ice beast (D:8)
  3 black bears
  An eye of draining (D:13)
  A necrophage (D:9)
  2 phantoms
  5 ogres
  A centaur (D:10)
  6 bullfrogs
  A water moccasin zombie (D:7)
  2 wyvern zombies
  A wyvern skeleton (D:8)
  A scorpion (D:10)
  13 killer bees
  2 howler monkeys
  7 crimson imps
  A bullfrog zombie (D:5)
  2 hounds
  A centaur skeleton (D:5)
  2 centaur zombies (D:5)
  3 orc priests
  3 jellies
  3 orc wizards
  5 bullfrog skeletons
  2 iguanas
  5 worker ants
  Natasha (twice) (D:4 D:6)
  An iguana (shapeshifter) (D:8)
  2 hound skeletons
  A worker ant zombie (D:7)
  9 gnolls
  8 adders
  An ooze (D:2)
  An adder zombie (D:9)
  A worm (shapeshifter) (D:5)
  An adder skeleton (D:9)
  6 worms
  3 leopard geckos
  20 orcs
  2 ball pythons
  3 bats (D:1)
  3 giant cockroaches
  4 hobgoblins (D:1)
  18 jackals
  A quokka (D:5)
  A frilled lizard (D:5)
  A goblin (D:2)
  4 kobolds (D:1)
  A quokka skeleton (D:7)
  A quokka zombie (D:5)
  4 rats
196 creatures vanquished.

Vanquished Creatures (collateral kills)
  Psyche (D:8)
1 creature vanquished.

Vanquished Creatures (others)
  A centaur skeleton (D:13)
  2 wolves (D:8)
3 creatures vanquished.

Grand Total: 200 creatures vanquished

Notes
Turn   | Place    | Note
-------+----------+-------------------------------------------
     0 | D:1      | Gaball the Centaur Chaos Knight began the quest for the Orb.
     0 | D:1      | Reached XP level 1. HP: 19/19 MP: 1/1
   190 | D:1      | Reached skill level 3 in Polearms
   226 | D:1      | Reached XP level 2. HP: 21/26 MP: 2/2
   648 | D:2      | Found a shattered altar of Ashenzari.
   695 | D:2      | Reached XP level 3. HP: 31/31 MP: 3/3
   726 | D:2      | XOM: divination: detect creatures
   835 | D:2      | XOM: harmless Conj miscast
   855 | D:2      | XOM: noise
  1062 | D:3      | Found a burning altar of Makhleb.
  1062 | D:3      | Found a snail-covered altar of Cheibriados.
  1090 | D:3      | XOM: potion effect (brilliance)
  1095 | D:3      | Reached skill level 4 in Polearms
  1386 | D:3      | Reached XP level 4. HP: 26/38 MP: 4/4
  1429 | D:3      | XOM: harmless Tmut miscast
  1480 | D:4      | XOM: noise
  1550 | D:4      | XOM: medium Tloc miscast
  1568 | D:4      | XOM: enchant monster (good)
  1823 | D:4      | Found a staircase to the Ecumenical Temple.
  1918 | D:4      | Reached skill level 5 in Polearms
  1963 | D:4      | XOM: harmless Erth miscast
  1984 | D:4      | Noticed a phantom
  1993 | D:4      | Reached XP level 5. HP: 33/45 MP: 5/5
  2050 | D:4      | Killed a phantom
  2142 | D:4      | Noticed Natasha
  2146 | D:4      | Killed Natasha
  2146 | D:4      | Reached skill level 6 in Polearms
  2178 | D:4      | Found Imahef's Gadget Shoppe.
  2344 | D:4      | Reached XP level 6. HP: 23/51 MP: 6/6
  2639 | D:4      | Noticed a slave
  2640 | D:4      | Noticed a slave
  2642 | D:4      | Noticed Pikel
  2646 | D:4      | XOM: potion effect (agility)
  2658 | D:4      | XOM: cleaving
  2665 | D:4      | Noticed a slave
  2667 | D:4      | XOM: fake destruction
  2668 | D:4      | Noticed a slave
  2668 | D:4      | Killed a slave
  2681 | D:4      | Killed a slave
  2690 | D:4      | Killed Pikel
  2690 | D:4      | Reached skill level 7 in Polearms
  2690 | D:4      | Reached XP level 7. HP: 51/57 MP: 7/7
  2923 | D:5      | Entered Level 5 of the Dungeon
  2928 | D:5      | Reached skill level 8 in Polearms
  3092 | D:5      | XOM: mild Erth miscast
  3208 | D:5      | XOM: god gift: 8 curare-tipped needles
  3250 | D:5      | XOM: cleaving
  3252 | D:5      | Noticed a wyvern
  3252 | D:5      | an ogre changed into a wyvern
  3252 | D:5      | XOM: polymorph ogre -> wyvern
  3253 | D:5      | XOM: divination: magic mapping
  3253 | D:5      | Noticed a blink frog
  3253 | D:5      | a wyvern changed into a blink frog
  3340 | D:4      | XOM: polymorph freed slave -> black bear
  3468 | D:5      | XOM: give mutations
  3468 | D:5      | Gained mutation: You are agile. (Dex +2) [Xom's grace]
  3468 | D:5      | Gained mutation: You are robust. (+10% HP) [Xom's grace]
  3633 | D:5      | XOM: give mutations
  3633 | D:5      | Gained mutation: You tend to lose your temper in combat. [Xom's mischief]
  3633 | D:5      | Lost mutation: You tend to lose your temper in combat. [Xom's mischief]
  3633 | D:5      | Lost mutation: You are agile. (Dex +2) [Xom's mischief]
  3724 | D:5      | XOM: scenery: 1 doors close
  3727 | D:5      | XOM: god gift: 41 gold pieces
  3748 | D:5      | Reached skill level 9 in Polearms
  3748 | D:5      | Reached XP level 8. HP: 26/69 MP: 8/8
  4098 | D:5      | Found Kydeul's Antique Weapon Shoppe.
  4101 | D:5      | Bought a slimy glaive for 299 gold pieces
  4101 | D:5      | Identified the +7 glaive "Giantbane" {chop, rPois rF+ rN++ Dex+3} (You bought it in a shop on level 5 of the Dungeon)
  4111 | D:5      | XOM: 4-stop teleportation journey
  4258 | D:5      | XOM: give mutations
  4258 | D:5      | Gained mutation: You are partially covered in rugged brown scales. (AC +1, +3% HP) [Xom's grace]
  4258 | D:5      | Gained mutation: Your flesh is heat resistant. (rF+) [Xom's grace]
  4342 | D:5      | XOM: 6-stop teleportation journey
  4377 | D:5      | XOM: mild Summ miscast
  4779 | D:6      | Reached skill level 10 in Polearms
  4836 | D:6      | XOM: harmless Hex miscast
  4865 | D:6      | Found a bloodstained altar of Trog.
  4912 | D:6      | Noticed Natasha
  4917 | D:6      | Killed Natasha
  5448 | D:7      | Found an ornate altar of the Wu Jian Council.
  5451 | D:7      | Found a glowing silver altar of Zin.
  5485 | D:7      | XOM: 2-stop teleportation journey
  5499 | D:7      | Reached skill level 11 in Polearms
  5499 | D:7      | Reached XP level 9. HP: 59/79 MP: 9/9
  5786 | D:7      | XOM: noise
  5811 | D:7      | Found Izodghyf's Armour Emporium.
  5936 | D:7      | Found a white marble altar of Elyvilon.
  6008 | D:7      | XOM: confusion (+ monsters)
  6071 | D:7      | Reached skill level 12 in Polearms
  6180 | D:8      | XOM: polymorph bullfrog -> iguana
  6213 | D:8      | XOM: summons friendly crimson imp
  6269 | D:8      | Noticed Gaball's ghost (novice HuCj)
  6282 | D:8      | Killed Gaball's ghost
  6578 | D:8      | Noticed a two-headed ogre
  6599 | D:8      | XOM: potion effect (haste)
  6603 | D:8      | Killed a two-headed ogre
  6603 | D:8      | Reached skill level 13 in Polearms
  6603 | D:8      | Reached XP level 10. HP: 68/87 MP: 10/10
  6640 | D:8      | Noticed Maurice
  6641 | D:8      | XOM: confuse monster(s)
  6648 | D:8      | Killed Maurice
  6771 | D:8      | XOM: fog
  6810 | D:8      | XOM: give mutations
  6810 | D:8      | Gained mutation: You have an increased reservoir of magic. (+10% MP) [Xom's grace]
  6810 | D:8      | Gained mutation: You are partially covered in icy blue scales. (AC +2) [Xom's grace]
  6810 | D:8      | Gained mutation: You have very sharp teeth. [Xom's grace]
  6810 | D:8      | Gained mutation: You passively map a small area around you. [Xom's grace]
  6862 | D:8      | XOM: give mutations
  6862 | D:8      | Gained mutation: You are agile. (Dex +2) [Xom's grace]
  6862 | D:8      | Gained mutation: Your mind is acute. (Int +2) [Xom's grace]
  6862 | D:8      | Gained mutation: Your flesh is very heat resistant. (rF++) [Xom's grace]
  6862 | D:8      | Gained mutation: You are partially covered in iridescent scales. (AC +2) [Xom's grace]
  7025 | D:8      | XOM: cloud trail
  7111 | D:8      | XOM: fog
  7123 | D:8      | Noticed Psyche
  7127 | D:8      | XOM: summons 10 friendly demons
  7129 | D:8      | Killed Psyche
  7129 | D:8      | Reached skill level 5 in Fighting
  7174 | D:8      | Noticed Grum
  7174 | D:8      | Noticed Grum
  7174 | D:8      | Grum changed into Grum the killer bee
  7174 | D:8      | XOM: polymorph Grum -> Grum the killer bee
  7180 | D:8      | Killed Grum the killer bee
  7183 | D:8      | XOM: divine lightning
  7200 | D:8      | Found a hide-covered altar of Uskayaw.
  7200 | D:8      | Found a shadowy altar of Dithmenos.
  7661 | D:9      | Noticed a two-headed ogre
  7710 | D:9      | XOM: enchant monster (good)
  7727 | D:9      | XOM: polymorph killer bee -> gnoll
  7906 | D:9      | XOM: give mutations
  7906 | D:9      | Gained mutation: Your muscles are strong. (Str +2) [Xom's grace]
  7906 | D:9      | Gained mutation: Your muscles are very strong. (Str +4) [Xom's grace]
  7906 | D:9      | Gained mutation: You can translocate small distances at will. [Xom's grace]
  8155 | D:9      | Killed a two-headed ogre
  8307 | D:9      | Reached skill level 14 in Polearms
  8466 | D:9      | XOM: draining
  8562 | D:10     | Entered Level 10 of the Dungeon
  8621 | D:10     | Noticed an oklob plant
  8704 | D:10     | XOM: harmless Air miscast
  8705 | D:10     | XOM: confuse monster(s)
  8710 | D:10     | Reached XP level 11. HP: 103/103 MP: 12/12
  8747 | D:10     | Noticed Erica
  8753 | D:10     | Killed Erica
  8817 | D:10     | XOM: scenery: create altars
  9027 | D:10     | Found a staircase to the Lair.
  9139 | D:11     | You fall through a shaft for 2 floors!
  9149 | D:13     | Noticed a centaur warrior
  9156 | D:13     | Killed a centaur warrior
  9278 | D:13     | Noticed a two-headed ogre
  9307 | D:13     | Killed a two-headed ogre
  9328 | D:13     | Found a gate to the Vaults.
  9328 | D:13     | Noticed a vault guard
  9328 | D:13     | Noticed a vault guard
  9328 | D:13     | Noticed a vault guard
  9328 | D:13     | Noticed a centaur warrior
  9328 | D:13     | Noticed a vault guard
  9331 | D:13     | XOM: noise
  9339 | D:13     | Noticed a lindwurm
  9339 | D:13     | a komodo dragon changed into a lindwurm
  9479 | D:12     | Found Miutiug's Demolitions Depot.
  9487 | D:12     | Noticed a death knight
  9487 | D:12     | Noticed a phantasmal warrior
  9499 | D:12     | XOM: confusion
  9501 | D:12     | Killed a death knight
  9504 | D:12     | Killed a phantasmal warrior
  9505 | D:12     | HP: 4/107 [freezing wraith[a death knight] (12)]
  9506 | D:12     | Slain by a freezing wraith

Vault maps used:
D:1:      dpeg_arrival_arbitrary_a, minmay_box_of_dots
D:2:      ashenzari_conservatory_becter
D:3:      grunt_temple_overflow_open, serial_corexii_hall,
          corexii_hall_statues_u, corexii_hall_statues_l, corexii_hall_statues_i
D:4:      minmay_temple_entry_statues_fountains, serial_shops, shop,
          first_ration, uniq_pikel, uniq_natasha
D:5:      serial_shops, shop
D:6:      old_standard_altar
D:7:      zin_academy, overflow_temple_1_default, kennysheep_mini_moat,
          serial_shops, nicolae_shop_crystal, grunt_livestock
D:8:      gammafunk_temple_overflow_elements, uniq_maurice, uniq_psyche,
          uniq_grum
D:10:     dpeg_oklobed_lair, uniq_erica
D:11:     erik_orc_2, basic_altar
D:12:     serial_shops, shop, nicolae_blasting_shop
D:13:     lightli_vaults_fourway_checkpoint

Skill      XL: |  1  2  3  4  5  6  7  8  9 10 11 |
---------------+----------------------------------+-----
Polearms       | 3 4 5 6 7 9 11 13 14 | 14.6
Fighting       | 7 8 |  8.6
Armour         | |  1.3
Dodging        | |  0.6

Action                   |  1- 3 |  4- 6 |  7- 9 | 10-12 || total
-------------------------+-------+-------+-------+-------++-------
Melee: Spear             |   103 |   107 |   112 |       ||   322
       Kick              |    14 |    23 |    56 |    40 ||   133
       Glaive            |       |       |   167 |   207 ||   374
       Bite              |       |       |       |    10 ||    10
Evoke: Wand              |       |       |       |     5 ||     5
  Use: Scroll            |       |       |     1 |     6 ||     7
       Potion            |       |       |       |     3 ||     3
 Stab: Confused          |     1 |       |       |     3 ||     4
       Petrifying        |     1 |       |       |       ||     1
       Paralysed         |     4 |     4 |       |       ||     8
       Distracted        |       |       |     1 |       ||     1
  Eat: Chunk             |       |     3 |     9 |     8 ||    20
       Ration            |       |       |     1 |       ||     1
Armor: Leather armour    |    22 |       |       |       ||    22
       Ring mail         |    16 |    36 |    17 |       ||    69
       Plate armour      |       |       |    81 |    61 ||   142
       Animal skin       |       |       |       |    35 ||    35
Dodge: Dodged            |    20 |    26 |    46 |    63 ||   155

Table legend:
 A = Spawn XP
 B = Non-spawn XP
 C = Spawn XP percentage of total XP
 D = Spawn monster count
 E = Non-spawn monster count
 F = Spawn count percentage of total count
 G = Total turns spent on level
                    A         B        C        D         E        F      G
               +---------+---------+-------+---------+---------+-------+---------
         Total |       0 |   16070 |   0.0 |       0 |     196 |   0.0 |  9506
               +---------+---------+-------+---------+---------+-------+---------
           D:1 |       0 |      20 |   0.0 |       0 |      12 |   0.0 |   436
           D:2 |       0 |      29 |   0.0 |       0 |       8 |   0.0 |   626
           D:3 |       0 |      54 |   0.0 |       0 |      11 |   0.0 |   418
           D:4 |       0 |     882 |   0.0 |       0 |      19 |   0.0 |  1648
           D:5 |       0 |     737 |   0.0 |       0 |      26 |   0.0 |  1510
           D:6 |       0 |     652 |   0.0 |       0 |      15 |   0.0 |   780
           D:7 |       0 |    1673 |   0.0 |       0 |      22 |   0.0 |   719
           D:8 |       0 |    4364 |   0.0 |       0 |      40 |   0.0 |  1603
           D:9 |       0 |    2033 |   0.0 |       0 |      21 |   0.0 |   822
          D:10 |       0 |    1534 |   0.0 |       0 |       8 |   0.0 |   576
          D:12 |       0 |    1812 |   0.0 |       0 |       4 |   0.0 |   161
          D:13 |       0 |    2280 |   0.0 |       0 |      10 |   0.0 |   206
               +---------+---------+-------+---------+---------+-------+---------
